 Dungeon Crawl Stone Soup version 0.17-a0-1989-gfb2cd5c (webtiles) character file.

625 Morphine the Archer (level 7, -1/46 HPs)
             Began as a High Elf Hunter on Oct 7, 2015.
             Slain by Grinder (2 damage)
             ... while paralysed by Grinder
             ... on level 5 of the Dungeon.
             The game lasted 00:25:13 (4287 turns).

Morphine the Archer (High Elf Hunter)               Turns: 4287, Time: 00:25:13

Health: -1/46      AC:  5    Str: 11    XL:     7   Next: 23%
Magic:  8/8        EV:  2    Int: 14    God:
Gold:   209        SH:  0    Dex: 24    Spells: 0 memorised, 6 levels left

rFire  . . .     SeeInvis .     o - +3 dagger (venom)
rCold  . . .     Clarity  .     d - +0 leather armour
rNeg   . . .     SustAt   .     (no shield)
rPois  .         Gourm    .     (no helmet)
rElec  .         Spirit   .     F - +1 cloak
rCorr  .         Warding  .     (no gloves)
rMut   .         Stasis   .     (no boots)
MR     .....                    (no amulet)
Stlth  +++++.....               t - ring of stealth
                                s - ring of wizardry

@: paralysed, agile, lethally poisoned (-1 -> -3), not resistant to hostile
enchantments, quite stealthy
A: no striking features
a: no special abilities


You were on level 5 of the Dungeon.
You were near starving.

You visited 1 branch of the dungeon, and saw 5 of its levels.

You collected 209 gold pieces.

Inventory:

Hand Weapons
 a - a +1 shortbow
 o - a +3 dagger of venom (weapon)
 u - a +0 long sword
 z - a +6 dagger of speed
 E - a +2 quarterstaff of chaos
Missiles
 b - 42 arrows
 j - 21 arrows of dispersal
 q - 11 poisoned needles
 H - 6 needles of confusion
Armour
 d - a +0 leather armour (worn)
 F - a +1 cloak (worn)
Jewellery
 s - a ring of wizardry (left hand)
 t - a ring of stealth (right hand)
Wands
 r - a wand of cold (0)
 G - a wand of draining (9)
Scrolls
 g - a scroll of random uselessness {unknown}
 h - a scroll of identify {unknown}
 k - a scroll of enchant weapon
 l - a scroll of enchant armour
 n - 3 scrolls of remove curse
 p - a scroll of noise
 x - a scroll of recharging {unknown}
 y - a scroll of blinking {unknown}
 B - a scroll of immolation {unknown}
Potions
 c - a potion of brilliance {unknown}
 f - a potion of resistance {unknown}
 i - a potion of agility
 v - 2 potions of poison
 C - a potion of berserk rage {unknown}
Comestibles
 e - 3 bread rations
 m - 3 royal jellies
 w - a meat ration


   Skills:
 + Level 3.6 Fighting
 + Level 0.2 Long Blades
 * Level 9.4 Bows
 - Level 3.0 Dodging
 + Level 4.2 Stealth


You had 6 spell levels left.
You didn't know any spells.

Dungeon Overview and Level Annotations

Branches:
Dungeon (5/15)
 Temple: D:4-7

Altars:
Fedhas

Annotations:
D:5 Grinder


Message History

Grinder is severely wounded.
You feel sick. Grinder hits you but does no damage.
You hit Grinder but do no damage.
Grinder is severely wounded.
Grinder gestures at you.
You suddenly lose the ability to move!
You feel sick. Grinder gestures at you. Pain shoots through your body!
Grinder barely misses you. Grinder hits you!
* * * LOW HITPOINT WARNING * * *
You writhe in agony.
* * * LOW HITPOINT WARNING * * *
You feel sick. Grinder hits you.
* * * LOW HITPOINT WARNING * * *
You writhe in agony.
* * * LOW HITPOINT WARNING * * *
Grinder hits you.
You die...

### ..# #.# ## #.#
##### #. #. #... #.
#. ####.## ##.# ##.
#..5@.# #.#...## ##..
#.##...........###.#.
#.##.####.###.....##.
#.##.# #..#####.
#.##.# #..#####.
#.##.. ##........
#..### ##...######
##.## ##.....## ##
#..## ##.......###.


You could see Grinder.

Vanquished Creatures
  Eustachio (D:4)
  A black bear (D:4)
  A scorpion (D:4)
  Crazy Yiuf (D:5)
  A hound (D:4)
  3 worker ants (D:4)
  An iguana (D:4)
  A killer bee zombie (D:4)
  4 adders
  2 shadow imps (D:5)
  An ooze (D:2)
  An adder skeleton (D:4)
  3 worms
  4 giant geckos
  2 orcs (D:3)
  A ball python (D:2)
  7 bats
  10 goblins
  5 hobgoblins
  3 quokkas
  7 giant cockroaches
  3 giant newts
  20 jackals
  8 kobolds
  A quokka zombie (D:5)
  6 rats
98 creatures vanquished.

Notes
Turn   | Place    | Note
--------------------------------------------------------------
     0 | D:1      | Morphine the High Elf Hunter began the quest for the Orb.
     0 | D:1      | Reached XP level 1. HP: 14/14 MP: 2/2
   363 | D:1      | Reached XP level 2. HP: 19/19 MP: 3/3
   368 | D:1      | Reached skill level 6 in Bows
  1010 | D:1      | Reached XP level 3. HP: 24/24 MP: 4/4
  1550 | D:2      | Reached skill level 7 in Bows
  2151 | D:3      | Reached XP level 4. HP: 29/29 MP: 5/5
  2292 | D:3      | Found a blossoming altar of Fedhas.
  2908 | D:4      | Reached skill level 8 in Bows
  2957 | D:4      | Reached XP level 5. HP: 34/34 MP: 6/6
  3209 | D:4      | Reached XP level 6. HP: 16/41 MP: 7/7
  3273 | D:4      | Noticed Eustachio
  3302 | D:4      | Killed Eustachio
  3302 | D:4      | Reached skill level 9 in Bows
  3600 | D:4      | Noticed a black bear
  3610 | D:4      | Killed a black bear
  3610 | D:4      | Reached XP level 7. HP: 46/46 MP: 8/8
  3778 | D:5      | Entered Level 5 of the Dungeon
  3917 | D:5      | Noticed Crazy Yiuf
  3922 | D:5      | Killed Crazy Yiuf
  4250 | D:5      | Noticed Grinder
  4253 | D:5      | Paralysed by Grinder for 3 turns
  4262 | D:5      | Paralysed by Grinder for 7 turns
  4282 | D:5      | Paralysed by Grinder for 7 turns
  4286 | D:5      | HP: 1/46 [Grinder (2)]
  4287 | D:5      | Slain by Grinder

Vault maps used:
D:1:      nicolae_arrival_somewhat_less_tricky_arrival
D:3:      fedhas_altar_3, first_bread
D:4:      black_bear_nest_1, uniq_eustachio
D:5:      kennysheep_little_box, uniq_grinder, uniq_crazy_yiuf_cottage

Action                   |  1- 3 |  4- 6 |  7- 9 || total
-------------------------+-------+-------+-------++-------
Melee: Dagger            |   117 |    84 |    21 ||   222
       Quarterstaff      |       |       |     5 ||     5
 Fire: Shortbow          |    41 |    59 |    16 ||   116
Evoke: Wand              |       |       |     3 ||     3
  Use: Scroll            |       |     3 |     1 ||     4
       Potion            |       |     2 |     3 ||     5
 Stab: Sleeping          |     1 |     9 |     5 ||    15
  Eat: Chunk             |     4 |     4 |     1 ||     9
